 Dungeon Crawl Stone Soup version 0.30-a0-778-g2ef04afb54 (webtiles) character file.

Game seed: 15159736560088337813

18 theswoord the Chiller (level 2, -3/22 HPs)
             Began as a Naga Ice Elementalist on Feb 15, 2023.
             Slain by a worm (7 damage)
             ... on level 2 of the Dungeon.
             The game lasted 00:02:07 (915 turns).

theswoord the Chiller (Naga Ice Elementalist)        Turns: 915, Time: 00:02:08

Health: -3/22      AC:  2    Str: 10    XL:     2   Next: 70%
Magic:  5/5        EV:  9    Int: 15    God:
Gold:   102        SH:  0    Dex: 11    Spells: 5/6 levels left

rFire   . . .      SeeInvis +    h - +1 hand axe
rCold   . . .      Faith    .    (no shield)
rNeg    . . .      Spirit   .    a - +1 robe
rPois   +          Reflect  .    (no helmet)
rElec   .          Harm     .    (no cloak)
rCorr   .          Rampage  .    (no gloves)
Will    .....                    (no barding)
Stlth   +                        (no amulet)
HPRegen 0.23/turn                (no ring)
MPRegen 0.09/turn                (no ring)

@: silenced, very slow
A: AC +0, large, see invisible, deformed body, poison resistance, slowness 2,
spit poison 1, naga tail 1
a: Spit Poison


You were on level 2 of the Dungeon.
You visited 1 branch of the dungeon, and saw 2 of its levels.

You collected 102 gold pieces.

Inventory:

Hand Weapons
 c - a +0 dagger
 h - a +1 hand axe (weapon)
Armour
 a - a +1 robe (worn)
Potions
 b - a potion of magic
 g - 2 potions of flight


   Skills:
 - Level 1.5 Dodging
 - Level 3.0 Stealth
 + Level 2.5 Spellcasting
 + Level 4.3 Ice Magic


You had 5 spell levels left.
You knew the following spells:

 Your Spells              Type           Power      Damage    Failure   Level
a - Freeze                Ice            60%        1d7       3%          1

Your spell library contained the following spells:

 Spells                   Type           Power      Damage    Failure   Level
 Frozen Ramparts          Ice            30%        1d5       11%         3
 Ozocubu's Armour         Ice            15%        N/A       11%         3
 Summon Ice Beast         Ice/Summ       8%         N/A       65%         4


Dungeon Overview and Level Annotations

Branches:
Dungeon (2/15)

Altars:


Innate Abilities, Weirdness & Mutations

Your serpentine skin is tough. (AC +0)
You have supernaturally acute eyesight. (SInv)
Armour fits poorly on your strangely shaped body.
Your system is resistant to poisons. (rPois)
You cover ground very slowly.
You can spit poison.
You have a snake-like lower body.


Message History

As you read the scroll labelled NIGO URUSTO, it crumbles to dust.
It is a scroll of enchant armour.
Your +0 robe glows green for a moment.
As you read the scroll labelled NUVVOF WOASM, it crumbles to dust.
It is a scroll of identify.
g - 2 potions of flight
As you read the scroll labelled OSHUATHRUNI, it crumbles to dust.
You feel strangely unstable.
It was a scroll of teleportation.
You can't see any susceptible monsters within range! (Use Z to cast anyway.)
You can't see any susceptible monsters within range! (Use Z to cast anyway.)
You can't see any susceptible monsters within range! (Use Z to cast anyway.)
Found a stone staircase leading down.
Your surroundings suddenly seem different.
You now have 102 gold pieces (gained 8).
d - a scroll labelled MOOXEBUIGE
Found a stone staircase leading down.
e - a scroll labelled YRE DUOKHLOREIVA A worm comes into view.
A worm is nearby!
As you read the scroll labelled MOOXEBUIGE, it crumbles to dust.
It is a scroll of enchant weapon.
Your +0 hand axe glows red for a moment.
As you read the scroll labelled YRE DUOKHLOREIVA, it crumbles to dust.
A profound silence engulfs you.
It was a scroll of silence.
A worm is nearby!
A worm is nearby!
A worm is nearby!
A worm is nearby!
You hit the worm but do no damage. The worm barely misses you.
You hit the worm. You hit the worm. The worm barely misses you.
You barely miss the worm. The worm bites you.
You hit the worm but do no damage. The worm closely misses you.
You barely miss the worm. The worm bites you but does no damage.
You hit the worm. You completely miss the worm. The worm bites you.
You slash the worm! The worm bites you!
* * * LOW HITPOINT WARNING * * *
You hit the worm. The worm bites you!
You die...

.............>#
.........#... .
#........ ..
+......# ##.#
#.....<#...
###...##.#
####...# #w###
####@####
#....?..#
#...###.# #...+
.# #...##..#.#
#.......#.# #.
#.#.##.##.#
##.#.#..#.##.#
.......#.#.##.#


You could see a worm.

Vanquished Creatures
  An endoplasm (D:1)
  3 giant cockroaches (D:1)
  4 goblins (D:1)
  A hobgoblin (D:1)
  2 ball pythons (D:1)
  A bat (D:1)
  2 frilled lizards (D:1)
  A kobold (D:1)
  2 rats (D:1)
17 creatures vanquished.

Vanquished Creatures (others)
  2 plants (D:2)
2 creatures vanquished.

Grand Total: 19 creatures vanquished

Notes
Turn   | Place    | Note
-------+----------+-------------------------------------------
     0 | D:1      | theswoord the Naga Ice Elementalist began the quest for the
                  | Orb.
     0 | D:1      | Reached XP level 1. HP: 15/15 MP: 3/3
   253 | D:1      | Reached XP level 2. HP: 22/22 MP: 5/5
   915 | D:2      | Slain by a worm

Action                     || total
---------------------------++-------
  Melee: Dagger            ||    20
         Unarmed           ||     2
         Hand axe          ||    10
   Cast: Freeze            ||    14
    Use: Scroll            ||     5
   Stab: Sleeping          ||     2
 Armour: Robe              ||     8
  Dodge: Dodged            ||    12

Levels and vault maps discovered:
D:1:      saegor_arrival_simple_b, layout_basic
D:2:      layout_basic, serial_forest, infiniplex_forest_lined_room_2,
          infiniplex_forest_clump_double, infiniplex_forest_lined_room_2,
          infiniplex_forest_join, infiniplex_forest_clump_diagonal,
          infiniplex_forest_clump_tiny, infiniplex_forest_clump_C,
          infiniplex_forest_end_2, fountainhead, minivault_24, uniq_robin,
          uniq_sigmund, uniq_natasha
